AoeStats
← lethe711

African Clearing

510438963Analyzed
4v4 RM · 2d ago on Oct 1, 2026· 37m 25s· 8 players
Game mode
Random Map
Map size
Large (8 player)
Population
200
Speed
Normal
Resources
Standard
Victory
Conquest
Starting age
Dark Age
Ending age
Imperial Age
RankedLock teamsTeams togetherTeam positionsShared explorationLock speedFull tech treeHidden civsTurbo modeCheats
Victory
Defeat
🇦🇺 Ethiopians · Australia
1197
+15
🇨🇳 Wu · China
1158
+17
🇺🇸 Malians · United States
1156
+17
🇨🇱 Malay · Chile
1093
+19
🇺🇸 Lithuanians · United States
1203
-18
🇺🇸 Celts · United States
1196
-18
🇺🇸 Poles · United States
1154
-16
🇺🇸 Italians · United States
1152
-16
HEADUP
3:41 Loom
14:44 Feudal Age
19:52 Castle Age
18:23 Fletching
27:19 Bodkin Arrow
32:01 Red Cliffs Tactics
Eschaton
8:22 Loom
13:38 Feudal Age
17:46 Castle Age
16:07 Double-Bit Axe
17:21 Forging
17:26 Gold Mining
22:02 Arson
23:32 Horse Collar
28:23 Scale Mail Armor
31:33 Iron Casting
36:30 Imperial Age
34:26 Scale Barding Armor
34:29 Stone Mining
34:38 Fletching
34:39 Light Cavalry
35:30 Bloodlines
35:42 Chain Barding Armor
35:50 Husbandry
36:48 Tigui
37:25 Bow Saw
37:46 Farimba
Chelowolf
6:10 Loom
12:47 Feudal Age
12:57 Double-Bit Axe
20:56 Castle Age
19:49 Arson
20:29 Stone Mining
21:53 Horse Collar
24:05 Bow Saw
27:44 Squires
29:43 Forging
31:16 Iron Casting
30:32 Pikeman
lethe711
5:50 Loom
13:32 Feudal Age
14:56 Double-Bit Axe
15:48 Gold Mining
16:03 Fletching
16:16 Horse Collar
23:35 Padded Archer Armor
27:45 Castle Age
26:30 Scale Mail Armor
28:37 Bow Saw
28:24 Bodkin Arrow
28:09 Crossbowman
29:52 Squires
31:21 Ballistics
32:42 Leather Archer Armor
IdleCylinder564
4:30 Loom
5:30 Loom
6:07 Loom
6:25 Loom
6:54 Loom
7:19 Loom
14:28 Feudal Age
15:59 Wheelbarrow
15:15 Double-Bit Axe
17:58 Fletching
23:35 Castle Age
24:44 Hand Cart
24:44 Bow Saw
24:19 Horse Collar
24:06 Crossbowman
26:37 Pikeman
28:08 Heavy Plow
29:27 Padded Archer Armor
31:33 Thumb Ring
38:38 Imperial Age
37:36 Bloodlines
37:27 Husbandry
SnakyPringle
3:40 Loom
11:50 Feudal Age
12:32 Double-Bit Axe
15:14 Fletching
24:15 Castle Age
24:26 Crossbowman
30:33 Padded Archer Armor
33:10 Bow Saw
ClankyDolphin92
12:33 Feudal Age
12:57 Loom
14:57 Wheelbarrow
15:15 Double-Bit Axe
15:24 Gold Mining
18:21 Horse Collar
22:50 Castle Age
21:47 Bloodlines
21:46 Scale Barding Armor
22:07 Forging
21:46 Horse Collar
22:59 Gold Mining
24:43 Husbandry
26:09 Fletching
26:49 Bodkin Arrow
28:09 Szlachta Privileges
29:19 Chain Barding Armor
31:22 Iron Casting
33:52 Town Watch
TamerCaribou922
8:37 Loom
13:26 Feudal Age
17:46 Castle Age
19:30 Double-Bit Axe
23:03 Fletching
28:47 Bodkin Arrow
36:35 Bow Saw
Connection lost

Rejoining the realm…

Still unreachable

The connection could not be restored.

Session expired

The server has moved on; the page needs a fresh start.